Map: Eternal Empire LE

Players

Stats - Winner!

  • Race: Protoss Protoss
  • League: Master
  • Spawn Location: 7:00

lllllllllll (sOs)

  • Race: Protoss Protoss
  • League: Grandmaster
  • Spawn Location: 1:00

Event: War Chest Team League

VOD

Have the link to the VOD?

Description

Time

  • Played on: July 24, 2020, 11:45 a.m.
  • Length: 16:47
Show
View Real Time Build Order
Export as new Build Order

Stats Protoss - Winner!

Build Orders: Phoenix Opening 

Get SALT Encoding   

  12  0:00  Probe  
  13  0:12  Probe  
  14  0:18  Pylon  
  14  0:24  Probe  
  15  0:32  Probe  
  15  0:37  Gateway  
  15  0:40  Probe  
  16  0:46  Assimilator  
  17  0:51  Probe  
  17  0:55  Assimilator  
  18  1:00  Probe  
  19  1:07  Gateway  
  19  1:08  Probe  
  19  1:17  Probe  
  20  1:24  Cybernetics Core  
  21  1:29  Probe  
  22  1:36  Pylon  
  22  1:41  Probe  
  23  1:55  Probe  
  24  2:01  Stalker x2  
  24  2:03  Warp Gate  
  28  2:15  Pylon  
  28  2:19  Probe  
  29  2:27  Pylon  
  29  2:32  Sentry  
  29  2:34  Sentry  
  33  2:47  Nexus  
  33  3:01  Stalker  
  33  3:04  Sentry  
  37  3:05  Phoenix  
  37  3:10  Probe  
  37  3:12  Pylon  
  38  3:22  Probe  
  38  3:26  Shield Battery  
  39  3:37  Probe  
  40  3:45  Shield Battery  
  38  3:57  Probe  
  38  3:59  Probe  
  38  4:00  Adept x2  
  44  4:11  Twilight Council  
  44  4:12  Probe x2  
  46  4:20  Probe x2  
  46  4:25  Stalker x2  
  46  4:28  Probe x2  
  50  4:35  Blink  
  51  4:38  Probe  
  51  4:39  Probe  
  51  4:45  Pylon  
  53  4:49  Pylon  
  53  4:59  Probe  
  54  5:03  Probe  
  55  5:10  Probe  
  55  5:13  Adept x2, Probe  
  54  5:18  Probe  
  54  5:21  Forge, Probe  
  53  5:25  Assimilator  
  53  5:26  Assimilator  
  53  5:27  Probe  
  55  5:29  Probe  
  55  5:35  Stalker, Sentry  
  61  5:39  Shield Battery  
  61  5:47  Robotics Facility  
  61  5:48  Probe x2  
  63  5:55  Shield Battery  
  63  5:57  Shield Battery  
  63  6:01  Stalker, Protoss Ground Weapons Level 1, Sentry  
  63  6:03  Phoenix  
  67  6:10  Probe x2  
  65  6:20  Gateway  
  65  6:21  Gateway  
  65  6:22  Pylon  
  65  6:26  Stalker x2  
  69  6:34  Gateway  
  69  6:36  Observer  
  70  6:40  Robotics Bay  
  70  6:49  Pylon  
  70  6:51  Stalker x2  
  74  7:04  Pylon  
  74  7:12  Shield Battery  
  72  7:16  Stalker x3  
  72  7:19  Sentry  
  80  7:24  Pylon, Disruptor, Observer  
  80  7:25  Gateway  
  78  7:34  Probe x2  
  78  7:39  Stalker x2  
  78  7:40  Zealot  
  81  7:46  Probe  
  81  7:47  Probe  
  83  8:00  Disruptor  
  86  8:14  Nexus  
  86  8:21  Observer  
  86  8:23  Pylon  
  86  8:30  Stalker x4  
  94  8:35  Observer  
  94  8:36  Protoss Ground Weapons Level 2  
  94  8:39  Pylon  
  94  8:41  Disruptor  
  97  8:48  Stalker  
  97  8:51  Stalker  
  97  8:52  Phoenix  
  101  8:55  Pylon  
  101  9:02  Probe x2  
  103  9:11  Pylon  
  103  9:15  Probe x2  
  103  9:18  Disruptor  
  106  9:25  Shield Battery  
  106  9:26  Probe  
  106  9:31  Probe x2  
  109  9:38  Stalker x3, Probe  
  109  9:43  Probe x2  
  118  9:50  Probe  
  118  9:51  Stalker  
  121  9:55  Pylon, Probe x2  
  123  10:02  Dark Shrine, Assimilator  
  123  10:06  Assimilator  
  123  10:07  Observer  
  123  10:08  Robotics Facility  
  121  10:20  Observer  
  121  10:21  Probe x3  
  121  10:23  Observer  
  121  10:27  Warp Prism  
  127  10:31  Zealot x4  
  127  10:32  Zealot x2  
  139  10:35  Charge  
  139  10:38  Pylon  
  138  10:48  Photon Cannon  
  138  10:50  Pylon  
  138  10:51  Photon Cannon  
  138  11:03  Protoss Ground Weapons Level 3, Gravitic Drive  
  138  11:10  Disruptor x2  
  144  11:21  Probe x3  
  144  11:24  Nexus  
  147  11:27  Pylon  
  147  11:39  Shadow Stride  
  146  11:40  Observer x2  
  146  11:41  Dark Templar x4  
  156  12:01  Gravitic Boosters  
  154  12:05  Photon Cannon  
  154  12:10  Stalker x2  
  160  12:15  Observer x2  
  160  12:18  Gateway  
  160  12:20  Gateway  
  160  12:22  Gateway  
  158  12:26  Gateway  
  158  12:28  Pylon  
  158  12:36  Stalker x2  
  158  12:37  Stalker x4  
  137  13:04  Zealot x6  
  142  13:16  Warp Prism, Disruptor  
  147  13:28  Templar Archives  
  147  13:30  Stalker x3  
  147  13:32  Nexus  
  147  13:34  Pylon  
  153  13:37  Zealot x3  
  154  13:48  Probe x3  
  157  13:57  Stalker  
  157  13:58  Stalker x2  
  157  14:00  Photon Cannon  
  161  14:11  Probe x3  
  161  14:14  Protoss Shields Level 1  
  164  14:23  Shield Battery  
  162  14:32  Probe x3  
  162  14:38  High Templar x6  
  171  14:39  High Templar x2  
  171  14:42  Pylon  
  171  14:43  Pylon  
  171  14:45  Archon x4  
  170  15:06  Zealot x2  
  174  15:12  Stalker x3  
  174  15:13  Stalker x3, Zealot x2  
  190  15:26  Observer x2  
  191  15:36  High Templar x2  
  191  15:37  High Templar x2  
  199  15:43  Archon x2  
  199  15:51  Nexus  
  199  15:54  Pylon  
  197  16:03  Warp Prism  
  197  16:05  Observer  
  186  16:26  Stalker x3  
  186  16:27  Stalker x4  
Show
View Real Time Build Order
Export as new Build Order

lllllllllll Protoss 

Build Orders:  

Get SALT Encoding   

  12  0:00  Probe  
  13  0:13  Probe  
  14  0:17  Pylon  
  14  0:22  Probe  
  15  0:31  Probe  
  15  0:38  Gateway  
  15  0:40  Probe  
  16  0:46  Assimilator  
  17  0:52  Probe  
  17  0:56  Assimilator  
  18  1:00  Probe  
  18  1:08  Probe  
  18  1:09  Gateway  
  20  1:19  Probe  
  21  1:25  Cybernetics Core  
  21  1:31  Probe  
  22  1:37  Pylon  
  22  1:43  Probe  
  23  1:55  Probe  
  24  2:01  Adept  
  24  2:02  Adept, Warp Gate  
  28  2:11  Shield Battery  
  28  2:13  Robotics Facility  
  28  2:21  Pylon  
  28  2:27  Pylon  
  29  2:30  Probe  
  29  2:34  Stalker  
  31  2:39  Stalker  
  33  2:48  Probe  
  34  2:51  Warp Prism  
  35  3:20  Nexus  
  35  3:26  Pylon  
  35  3:29  Probe  
  35  3:31  Observer  
  37  3:41  Probe  
  38  3:47  Immortal  
  36  4:02  Adept x2  
  44  4:03  Probe  
  45  4:16  Probe  
  46  4:29  Probe  
  47  4:32  Immortal  
  47  4:37  Probe x2  
  51  4:43  Sentry x2  
  51  4:45  Probe  
  57  4:46  Probe  
  57  4:49  Pylon  
  59  4:55  Twilight Council  
  59  5:06  Probe x2  
  54  5:17  Probe  
  54  5:18  Sentry, Probe  
  54  5:19  Sentry  
  60  5:23  Resonating Glaives  
  60  5:25  Probe  
  60  5:30  Probe  
  60  5:33  Probe  
  62  5:41  Gateway  
  64  5:42  Probe  
  64  5:44  Gateway x2  
  64  5:46  Gateway  
  64  5:54  Adept x2  
  68  6:04  Pylon  
  68  6:05  Probe  
  68  6:06  Probe  
  67  6:20  Pylon, Observer  
  67  6:21  Pylon  
  67  6:23  Probe x2  
  69  6:28  Pylon  
  69  6:34  Pylon  
  69  6:35  Assimilator  
  69  6:38  Forge  
  69  6:39  Adept x4  
  77  6:50  Probe  
  77  6:52  Adept x2  
  82  6:57  Assimilator  
  75  7:16  Adept x6  
  75  7:20  Probe  
  75  7:21  Blink  
  88  7:27  Observer  
  89  7:30  Protoss Ground Weapons Level 1  
  85  7:40  Probe x2  
  79  7:48  Stalker x2  
  79  7:49  Stalker x2  
  87  8:01  Nexus  
  87  8:09  Immortal  
  89  8:20  Pylon  
  89  8:21  Probe x2  
  91  8:32  Robotics Bay  
  91  8:34  Probe x2  
  93  8:35  Robotics Facility  
  93  8:44  Pylon  
  93  8:48  Probe x2  
  95  9:00  Stalker x3  
  99  9:04  Probe x2  
  99  9:07  Shield Battery  
  99  9:09  Pylon  
  101  9:13  Stalker x2  
  105  9:19  Stalker  
  105  9:21  Disruptor  
  105  9:22  Charge  
  110  9:28  Probe x2  
  110  9:29  Probe  
  113  9:32  Disruptor  
  116  9:38  Assimilator  
  116  9:41  Assimilator  
  116  9:42  Protoss Ground Weapons Level 2  
  116  9:45  Probe  
  117  9:56  Dark Shrine  
  117  9:57  Photon Cannon  
  117  9:59  Photon Cannon  
  117  10:05  Disruptor  
  118  10:26  Probe  
  119  10:38  Nexus  
  119  10:41  Gateway  
  119  10:44  Gateway  
  119  10:47  Disruptor x2  
  125  10:50  Photon Cannon  
  125  10:52  Photon Cannon, Shield Battery  
  125  10:53  Pylon  
  125  11:01  Shadow Stride  
  125  11:06  Probe  
  126  11:12  Shield Battery  
  126  11:15  Pylon  
  126  11:18  Dark Templar x5  
  128  11:19  Dark Templar  
  136  11:26  Disruptor  
  136  11:29  Photon Cannon  
  139  11:40  Pylon, Probe x3  
  139  11:43  Photon Cannon  
  142  11:48  Shield Battery  
  142  11:53  Disruptor  
  145  11:58  Probe x2  
  145  12:00  Protoss Ground Weapons Level 3  
  139  12:01  Disruptor  
  139  12:02  Probe  
  139  12:06  Probe  
  139  12:07  Sentry  
  146  12:10  Stalker, Probe x2  
  146  12:14  Probe  
  151  12:26  Stalker x4  
  151  12:27  Dark Templar  
  155  12:36  Probe x3  
  135  12:40  Disruptor  
  128  12:54  Stalker x3  
  128  12:55  Stalker  
  126  13:05  Nexus  
  126  13:09  Disruptor  
  128  13:15  Disruptor  
  128  13:16  Stalker x4  
  136  13:23  Observer  
  130  13:45  Disruptor  
  129  13:49  Nexus  
  129  13:51  Disruptor  
  129  13:52  Observer  
  129  13:55  Pylon  
  132  13:58  Stalker  
  132  13:59  Stalker x4  
  132  14:00  Dark Templar  
  128  14:15  Nexus  
  126  14:17  Pylon  
  124  14:31  Disruptor  
  124  14:32  Observer  
  124  14:35  Stalker x8  
  143  14:43  Pylon  
  143  14:45  Pylon  
  141  14:55  Disruptor  
  141  14:56  Pylon  
  141  14:59  Pylon  
  144  15:07  Disruptor  
  144  15:12  Pylon  
  147  15:24  Nexus  
  147  15:26  Pylon  
  147  15:27  Pylon  
  146  15:31  Disruptor  
  146  15:34  Dark Templar x2  
  153  15:36  Zealot x4  
  161  15:45  Dark Templar, Zealot  
  153  16:07  Zealot x7  
  146  16:19  Dark Templar  
  136  16:35  Zealot x2  
  136  16:36  Zealot x4  
Tags
 
Add a new tag
Caveats
  • Supply blocks, unpowered buildings, or Contaminate may cause inaccurate times.
  • Supply counts are checked every 10 seconds.